 Dungeon Crawl Stone Soup version 0.26.0-7-g794d0892b4 (webtiles) character file.

Game seed: 5567392487375604051

168 howech the Chopper (level 5, 0/46 HPs)
             Began as a Minotaur Monk on Jan 11, 2021.
             Succumbed to a scorpion's poison
             ... on level 2 of the Dungeon on Jan 12, 2021.
             The game lasted 00:05:53 (1874 turns).

howech the Chopper (Minotaur Monk)                  Turns: 1874, Time: 00:05:54

Health: 0/46       AC:  2    Str: 16    XL:     5   Next: 23%
Magic:  3/5        EV: 13    Int:  8    God:
Gold:   173        SH:  0    Dex: 12    Spells: 6/6 levels left

rFire    + . .     SeeInvis .   a - +1 hand axe
rCold    + . .     Faith    .   (no shield)
rNeg     . . .     Spirit   .   b - +0 robe
rPois    +         Reflect  .   (helmet restricted)
rElec    +         Harm     .   (no cloak)
rCorr    +         Rampage  .   (no gloves)
Will     .....                  (no boots)
Stlth    ++........             (no amulet)
HPRegen  0.15/turn              (no ring)
MPRegen  0.09/turn              (no ring)

@: lethally poisoned (0 -> -14), resistant
A: retaliatory headbutt, horns 2
a: no special abilities


You were on level 2 of the Dungeon.
You visited 1 branch of the dungeon, and saw 2 of its levels.

You collected 173 gold pieces.

Inventory:

Hand Weapons
 a - a +1 hand axe (weapon)
Missiles
 c - 15 poisoned darts (quivered)
Armour
 b - a +0 robe (worn)
 h - a +2 pair of gloves


   Skills:
 + Level 4.3 Fighting
 * Level 5.0 Axes
 + Level 1.9 Armour
 + Level 3.9 Dodging
 + Level 2.2 Stealth
 + Level 1.0 Spellcasting


You had 6 spell levels left.
You didn't know any spells.
Your spell library was empty.

Dungeon Overview and Level Annotations

Branches:
Dungeon (2/15)

Altars:


Innate Abilities, Weirdness & Mutations

You reflexively headbutt those who attack you in melee.
You have a pair of horns on your head.


Message History

* * * LOW HITPOINT WARNING * * *
You feel sick.
Unknown command.
As you read the scroll labelled CAFEPU ODUISS, it crumbles to dust.
It is a scroll of enchant weapon.
Your +0 hand axe glows red for a moment.
* * * LOW HITPOINT WARNING * * *
You feel sick.
As you read the scroll labelled TEWOUH TOQY, it crumbles to dust.
You feel blessed for a moment.
It was a scroll of remove curse.
* * * LOW HITPOINT WARNING * * *
You feel sick.
Unknown command.
Unknown command.
Okay, then.
Welcome back, howech the Minotaur Monk.
Press ? for a list of commands and other information.
You aren't carrying any potions.
Your surroundings suddenly seem different.
You die...

##.## .... #.#.## ###########
#....# ..........# #.....
#.<.....# ##...## #.......#
#.....# #.......# #.##@.#
#.......###.##..#
###.>....)..#.#...#
....##)####.#.#.#.#######
.#........#.#.#.#.......##
.#.###.#..#.#.....##.##..########
.#.###.#..#.#....................
##.[..........#...†............#.
#..###...###..##†...........##..


There were no monsters in sight!

Vanquished Creatures
  A bullfrog (D:2)
  A scorpion (D:2)
  An adder (D:2)
  2 worms (D:2)
  2 dart slugs
  7 bats
  A giant cockroach (D:1)
  5 goblins (D:1)
  2 hobgoblins (D:1)
  3 frilled lizards
  8 kobolds (D:1)
  6 rats
39 creatures vanquished.

Notes
Turn   | Place    | Note
-------+----------+-------------------------------------------
     0 | D:1      | howech the Minotaur Monk began the quest for the Orb.
     0 | D:1      | Reached XP level 1. HP: 19/19 MP: 0/0
   275 | D:1      | Reached XP level 2. HP: 25/27 MP: 1/1
   570 | D:1      | Reached skill level 4 in Axes
  1081 | D:1      | Reached XP level 3. HP: 33/33 MP: 2/2
  1354 | D:2      | Reached skill level 1 in Armour
  1853 | D:2      | Noticed a bullfrog
  1854 | D:2      | Noticed a scorpion
  1859 | D:2      | Killed a bullfrog
  1860 | D:2      | Reached XP level 4. HP: 37/40 MP: 2/4
  1869 | D:2      | Reached skill level 5 in Axes
  1869 | D:2      | Reached skill level 1 in Spellcasting
  1869 | D:2      | Reached XP level 5. HP: 8/46 MP: 2/5
  1872 | D:2      | HP: 1/46 [poisoned by a scorpion]
  1874 | D:2      | Succumbed to a scorpion's poison

Illustrated notes

Levels and vault maps discovered:
D:1:      wander_arrival_abandoned_jail, layout_basic
D:2:      layout_loops_cross, minmay_misc_feat_secret_circle

Skill      XL: |  1  2  3  4 |
---------------+-------------+-----
Axes           | 4 5 |  5.0
Armour         | 1 |  1.9
Fighting       | 4 |  4.3
Stealth        | 2 |  2.2
Spellcasting   | 1 |  1.0
Dodging        | |  3.9

Action                   |  1- 3 |  4- 6 || total
-------------------------+-------+-------++-------
Melee: Hand axe          |    74 |     9 ||    83
       Headbutt          |    11 |     2 ||    13
  Use: Scroll            |       |     3 ||     3
       Potion            |       |     1 ||     1
 Stab: Sleeping          |     4 |       ||     4
Armor: Robe              |    12 |     1 ||    13
Dodge: Dodged            |    50 |     5 ||    55
